 Dungeon Crawl Stone Soup version 0.16-a0-1529-gf034e03 (webtiles) character file.

222 Psiweapon the Twirler (level 5, 0/47 HPs)
             Began as a Draconian Gladiator on Oct 22, 2014.
             Slain by an orc priest
             ... wielding a +0 short sword
              (6 damage)
             ... on level 3 of the Dungeon.
             The game lasted 00:13:10 (3170 turns).

Psiweapon the Twirler (Draconian Gladiator)         Turns: 3170, Time: 00:13:10

Health: 0/47       AC:  6    Str: 17    XL:     5   Next: 66%
Magic:  5/5        EV: 12    Int:  9    God:
Gold:   155        SH:  0    Dex: 12    Spells: 0 memorised, 4 levels left

rFire  . . .     SeeInvis .     a - +0 quarterstaff
rCold  . . .     Clarity  .     (armour unavailable)
rNeg   . . .     SustAb   .     (no shield)
rPois  .         Gourm    .     c - +0 hat
rElec  .         Spirit   .     l - +0 cloak
rCorr  .         Warding  .     (no gloves)
rMut   .         Stasis   .     (no boots)
MR     .....                    (no amulet)
Stlth  +.........               (no ring)
                                (no ring)

@: not resistant to hostile enchantments, very unstealthy
A: unfitting armour, cold-blooded, AC +5
a: no special abilities


You were on level 3 of the Dungeon.
You were not hungry.

You visited 1 branch of the dungeon, and saw 3 of its levels.

You collected 155 gold pieces.

Inventory:

Hand weapons
 a - a +0 quarterstaff (weapon)
 b - a +0 hunting sling
Missiles
 d - 2 throwing nets (quivered)
 m - 4 sling bullets of frost
 q - 13 arrows of frost
 y - 4 tomahawks
 z - 19 sling bullets
Armour
 c - a +0 hat (worn)
 l - a +0 cloak (worn)
Scrolls
 e - 2 scrolls of identify {unknown}
 i - a scroll of enchant weapon {unknown}
 k - 4 scrolls of fear {unknown}
 n - 4 scrolls of remove curse {unknown}
 p - a scroll of noise {unknown}
 r - a scroll of recharging {unknown}
 s - 2 scrolls of magic mapping {unknown}
 x - 2 scrolls of teleportation {unknown}
 A - a scroll of immolation {unknown}
Potions
 h - a potion of lignification {unknown}
 j - 2 potions of curing {unknown}
 o - a potion of agility {unknown}
 u - a potion of flight {unknown}
Comestibles
 f - 3 bread rations
 g - a slice of pizza
 t - 2 meat rations
 v - a royal jelly
 w - 2 chunks of flesh


   Skills:
 + Level 4.7 Fighting
 - Level 5.1 Staves
 - Level 1.7 Throwing
 - Level 2.6 Dodging


You had 4 spell levels left.
You didn't know any spells.

Dungeon Overview and Level Annotations

Branches:
Dungeon (3/15)

Altars:
Okawaru


Innate Abilities, Weirdness & Mutations

Your plain brown scales are hard (AC +5).
Your body does not fit into most forms of armour.
Your cold-blooded metabolism reacts poorly to cold.


Message History

The orc priest calls down the wrath of Beogh upon you.
Something smites you! The orc barely misses you.
The orc hits you with a hand axe.
You barely miss the orc.
Your tail-slap misses the orc.
The bat hits you but does no damage. The orc closely misses you.
The orc hits you with a hand axe! The bat hits you but does no damage.
The bat hits you but does no damage. The orc hits you with a hand axe!
* * * LOW HITPOINT WARNING * * *
Drink which item? (? for menu, Esc to quit)
Okay, then.
Throwing (i - inventory. (,) - cycle):
d - 3 throwing nets (quivered)
Press: ? - help, Shift-Dir - straight line, f - orc
Aim: an orc, wielding a hand axe You throw a throwing net.
The throwing net hits the orc.
The orc is caught in the net!
The bat hits you but does no damage. The orc hits you with a mace.
* * * LOW HITPOINT WARNING * * *
The orc priest hits you with a short sword.
You die...

##o.#........)...
#..##............
###.###.##......... #oo.#
#.###........ #######.###
#.# #........ #.....r.# .
##.#..... ###......###
#.##.### #........oo# . #.
#.###
#........o@####.###.###....
#........o.................
#..........####.##..##.....
#.........b# #.##.# ##....
#.)........# #.##.# ###.#
###......### #.##.####...#
#......## ##............
#######.####...#.###.##..
#........>..........


You could see an orc priest, 3 orcs, a bat and a rat.

Vanquished Creatures
  A sky beast (D:3)
  3 adders
  2 worms
  3 giant geckos
  3 orcs (D:3)
  3 bats
  A bat skeleton (D:3)
  7 giant cockroaches
  3 goblins
  7 hobgoblins
  10 jackals
  3 quokkas (D:2)
  A ball python (D:1)
  4 giant newts
  A hobgoblin skeleton (D:3)
  A jackal zombie (D:3)
  8 kobolds
  11 rats
72 creatures vanquished.

Notes
Turn   | Place    | Note
--------------------------------------------------------------
     0 | D:1      | Psiweapon, the Draconian Gladiator, began the quest for the Orb.
     0 | D:1      | Reached XP level 1. HP: 17/17 MP: 1/1
   358 | D:1      | Reached XP level 2. HP: 24/24 MP: 2/2
   751 | D:1      | Reached skill level 4 in Staves
  1010 | D:1      | Reached XP level 3. HP: 29/29 MP: 3/3
  1959 | D:2      | Reached skill level 5 in Staves
  1959 | D:2      | Reached XP level 4. HP: 33/36 MP: 4/4
  2543 | D:2      | Found an iron altar of Okawaru.
  2811 | D:3      | Noticed a sky beast
  2832 | D:3      | Killed a sky beast
  2832 | D:3      | Reached XP level 5. HP: 20/47 MP: 5/5
  3170 | D:3      | Slain by an orc priest

Action                   |  1- 3 |  4- 6 || total
-------------------------+-------+-------++-------
Melee: Quarterstaff      |   164 |    82 ||   246
 Fire: Hunting sling     |       |     2 ||     2
Throw: Tomahawk          |       |    11 ||    11
       Throwing net      |       |     2 ||     2
  Eat: Chunk             |     3 |     4 ||     7
